 Dungeon Crawl Stone Soup version 0.27-a0-419-g7a85846853 (webtiles) character file.

Game seed: 13872048715687164769

46 Chiseanne the Skirmisher (level 3, -4/29 HPs)
             Began as a Demonspawn Wanderer on Feb 26, 2021.
             Slain by a worm (6 damage)
             ... on level 2 of the Dungeon.
             The game lasted 00:01:30 (1437 turns).

Chiseanne the Skirmisher (Demonspawn Wanderer)      Turns: 1437, Time: 00:01:31

Health: -4/29      AC: 12    Str: 13    XL:     3   Next: 44%
Magic:  3/3        EV: 10    Int: 12    God:
Gold:   11         SH:  0    Dex: 13    Spells: 1/2 levels left

rFire    . . .     SeeInvis .   a - +1 short sword (protect)
rCold    . . .     Faith    .   (no shield)
rNeg     . . .     Spirit   .   d - +0 ring mail
rPois    .         Reflect  .   (helmet restricted)
rElec    .         Harm     .   (no cloak)
rCorr    .         Rampage  .   (no gloves)
Will     .....                  (no boots)
Stlth    +.........             (no amulet)
HPRegen  0.09/turn              (no ring)
MPRegen  0.08/turn              (no ring)

@: protection aura
A: horns 1
a: no special abilities


You were on level 2 of the Dungeon.
You visited 1 branch of the dungeon, and saw 2 of its levels.

You collected 11 gold pieces.

Inventory:

Hand Weapons
 a - a +1 short sword of protection (weapon)
Missiles
 b - 2 curare-tipped darts (quivered)
 e - 55 stones
 f - 26 sling bullets
 h - 2 boomerangs
Armour
 d - a +0 ring mail (worn)
Scrolls
 c - a scroll of identify {unknown}
Potions
 i - a potion of heal wounds {unknown}


   Skills:
 * Level 3.5 Fighting
 - Level 1.7 Maces & Flails
 - Level 1.7 Throwing
 * Level 1.4 Armour
 * Level 1.4 Dodging
 - Level 2.0 Summonings
 - Level 1.1 Necromancy


You had one spell level left.
You knew the following spells:

 Your Spells              Type           Power        Failure   Level
a - Animate Skeleton      Necr           4%           41%         1

Your spell library contained the following spells:

 Spells                   Type           Power        Failure   Level
 Vampiric Draining        Necr           1%           80%         3


Dungeon Overview and Level Annotations

Branches:
Dungeon (2/15)

Altars:


Innate Abilities, Weirdness & Mutations

You have a pair of small horns on your head.


Message History

You barely miss the quokka. Your headbutt misses the quokka.
The quokka barely misses you. x2
You hit the quokka.
Your weapon exudes an aura of protection.
Your headbutt misses the quokka.
The quokka is severely wounded.
The quokka bites you but does no damage.
You hit the quokka.
You kill the quokka!
You hit the worm.
The worm is lightly wounded.
You barely miss the worm.
The worm is lightly wounded.
The worm bites you but does no damage.
You hit the worm. You headbutt the worm.
The worm is heavily wounded.
You hit the worm.
The worm is heavily wounded.
The worm barely misses you.
You hit the worm but do no damage.
The worm is heavily wounded.
The worm bites you but does no damage.
You barely miss the worm.
The worm is heavily wounded.
You hit the worm but do no damage.
The worm is heavily wounded.
The worm barely misses you.
You hit the worm but do no damage.
The worm is heavily wounded.
The worm bites you!
* * * LOW HITPOINT WARNING * * *
You barely miss the worm.
The worm is moderately wounded.
You hit the worm. You headbutt the worm.
The worm is severely wounded.
The worm completely misses you.
You barely miss the worm.
The worm is heavily wounded.
The worm bites you.
You die...

#...# .....#
#...# ....[
#...# .$.#
#..(####†..##..
#.....†).......
#...w.).$.....#
#...####.#.####
#w### .# .. #@#
.# ## #.# .#
#.# .# ... .#
#.# #.# ..# #.#


You could see a worm.

Vanquished Creatures
  An adder (D:2)
  A worm (D:2)
  2 dart slugs (D:1)
  A giant cockroach (D:2)
  3 goblins
  7 hobgoblins
  A quokka (D:2)
  5 bats
  5 kobolds (D:1)
  2 rats
28 creatures vanquished.

Vanquished Creatures (others)
  5 plants (D:1)
5 creatures vanquished.

Grand Total: 33 creatures vanquished

Notes
Turn   | Place    | Note
-------+----------+-------------------------------------------
     0 | D:1      | Chiseanne the Demonspawn Wanderer began the quest for the
                  | Orb.
     0 | D:1      | Chiseanne set off with the following items: a +2 dagger, 2
                  | curare-tipped darts, a +0 mace, a +0 robe; and the
                  | following spell memorised: Animate Skeleton; and the
                  | following spells available to memorise: Vampiric Draining
     0 | D:1      | Reached XP level 1. HP: 18/18 MP: 1/1
   364 | D:1      | Gained mutation: You have a pair of small horns on your
                  | head. [demonic ancestry]
   364 | D:1      | Reached XP level 2. HP: 17/24 MP: 2/2
   542 | D:1      | Reached skill level 1 in Dodging
   543 | D:1      | Reached skill level 1 in Armour
  1386 | D:2      | Reached XP level 3. HP: 26/29 MP: 3/3
  1434 | D:2      | HP: 1/29 [worm (8)]
  1437 | D:2      | Slain by a worm

Illustrated notes

Levels and vault maps discovered:
D:1:      lightli_arrival_lavapool, layout_loops_cross, chequers_big_river
D:2:      layout_loops_ring, uniq_terence, uniq_sigmund, uniq_crazy_yiuf_cottage

Skill      XL: |  1  2 |
---------------+-------+-----
Dodging        | 1 |  1.4
Armour         | 1 |  1.4
Fighting       | |  3.5
Maces & Flails | |  1.7
Throwing       | |  1.7
Summonings     | |  2.0
Necromancy     | |  1.1

Action                   || total
-------------------------++-------
Melee: Dagger            ||    55
       Short sword       ||    65
       Headbutt          ||    14
  Use: Scroll            ||     1
Armor: Ring mail         ||    90
       Robe              ||     1
Dodge: Dodged            ||    83

Table legend: (Time is in decaauts)
 A = Elapsed time spent in this place.
 B = Non-inter-level travel time spent in this place.
 C = Inter-level travel time spent in this place.
 D = Time resting spent in this place.
 E = Time spent auto-exploring this place.
 F = Levels seen in this place.
 G = Mean time per level.
                   A        B        C        D        E       F      G
               +--------+--------+--------+--------+--------+-----+--------+
         Total |   1450 |   1405 |     45 |    395 |    783 |   2 |  725.0 |
       Dungeon |   1450 |   1405 |     45 |    395 |    783 |   2 |  725.0 |
               +--------+--------+--------+--------+--------+-----+--------+

Top non-repeatable levels by time:
     D:1: 1373 daAuts
     D:2: 77 daAuts
